General information
- name: BNet
- type: Ladder team game (AT/RT)
- host: Battle.net
- saver: trainingfort
map: Battleground
- players: 8
- length: 12:26
- speed: Fast
- version: 1.24 W3XP
- replay type: Public
» download(90 KB)
Players
team 1 (loser)
Akonka (
orange | 47 APM | 585 actions | 12:25)
2 Tauren Chieftain
1 Endurance Aura
1 War Stomp
» actions
| Assign group hotkey | 12 | |
| Build / train | 46 | |
| Enter build submenu | 9 | |
| Enter hero's abilities submenu | 2 | |
| Give item / drop item | 2 | |
| Remove unit from queue | 4 | |
| Right click | 275 | |
| Select / deselect | 161 | |
| Select group hotkey | 50 | |
| Use ability | 24 | |
585 total
» units
| Peon | 17 | |
| Grunt | 6 | |
| Troll Headhunter/Berserker | 11 | |
34 total
» upgrades
» buildings
| Orc Burrow | 4 | |
| Altar of Storms | 1 | |
| Barracks | 1 | |
| War Mill | 1 | |
| Stronghold | 2 | |
| Voodoo Lounge | 1 | |
10 total
» build order
00:04 Orc Burrow
00:06 Altar of Storms
00:52 Barracks
01:23 Orc Burrow
01:55 War Mill
03:22 Orc Burrow
06:17 Stronghold
06:20 Orc Burrow
06:45 Voodoo Lounge
» items
| Healing Salve | 1 | |
| Scroll of Town Portal | 1 | |
2 total
bud_spencer_ (
pink | 44 APM | 533 actions | 12:15)
2 Mountain King
1 Storm Bolt
1 Bash
» actions
| Assign group hotkey | 21 | |
| Basic commands | 17 | |
| Build / train | 40 | |
| Enter build submenu | 13 | |
| Enter hero's abilities submenu | 2 | |
| Right click | 170 | |
| Select / deselect | 191 | |
| Select group hotkey | 39 | |
| Use ability | 40 | |
533 total
» units
| Peasant | 11 | |
| Footman | 8 | |
| Mortar Team | 2 | |
| Flying Machine | 1 | |
22 total
» upgrades
| Masonry | 1 | |
| Gunpowder | 1 | |
| Armor | 1 | |
| Lumber Harvesting | 1 | |
| Flare | 1 | |
5 total
» buildings
| Lumber Mill | 1 | |
| Altar of Kings | 1 | |
| Farm | 8 | |
| Barracks | 1 | |
| Scout Tower | 2 | |
| Arcane Tower | 1 | |
| Keep | 1 | |
| Blacksmith | 1 | |
| Workshop | 3 | |
| Guard Tower | 1 | |
| Arcane Vault | 1 | |
21 total
» build order
00:08 Lumber Mill
00:39 Altar of Kings
00:50 Farm
00:51 Farm
01:06 Barracks
01:44 Scout Tower
02:00 Farm
02:14 Arcane Tower
02:48 Farm
04:11 Keep
04:23 Blacksmith
06:16 Farm
06:16 Farm
06:46 Workshop
06:47 Workshop
06:48 Workshop
07:01 Scout Tower
07:36 Guard Tower
08:52 Arcane Vault
09:22 Farm
09:23 Farm
» items
| Scroll of Town Portal | 1 | |
| Potion of Healing | 1 | |
| Potion of Mana | 1 | |
| Mechanical Critter | 2 | |
| Staff of Teleportation | 1 | |
| Boots of Speed | 1 | |
7 total
Syca (
purple | 29 APM | 362 actions | 12:18)
1 Archmage
1 Summon Water Elemental
» actions
| Assign group hotkey | 1 | |
| Basic commands | 1 | |
| Build / train | 30 | |
| Enter build submenu | 18 | |
| Enter hero's abilities submenu | 1 | |
| Remove unit from queue | 1 | |
| Right click | 160 | |
| Select / deselect | 125 | |
| Use ability | 25 | |
362 total
» units
| Peasant | 8 | |
| Footman | 9 | |
| Rifleman | 4 | |
21 total
» upgrades
» buildings
| Altar of Kings | 1 | |
| Farm | 8 | |
| Barracks | 2 | |
| Scout Tower | 2 | |
| Arcane Vault | 1 | |
| Arcane Tower | 2 | |
| Keep | 1 | |
| Lumber Mill | 2 | |
| Blacksmith | 1 | |
| Castle | 1 | |
21 total
» build order
00:10 Altar of Kings
00:13 Farm
00:34 Barracks
00:59 Farm
01:41 Farm
02:28 Barracks
02:31 Farm
03:11 Farm
03:59 Farm
04:29 Scout Tower
04:32 Scout Tower
04:44 Arcane Vault
04:59 Arcane Tower
05:04 Arcane Tower
06:44 Keep
06:48 Lumber Mill
06:55 Blacksmith
07:44 Lumber Mill
08:26 Farm
09:08 Castle
10:01 Farm
» items
| Scroll of Regeneration | 1 | |
| Lesser Clarity Potion | 1 | |
2 total
marge (
yellow | 47 APM | 572 actions | 12:11)
1 Mountain King
1 Storm Bolt
2 Paladin
1 Holy Light
1 Divine Shield
» actions
| Build / train | 49 | |
| Enter build submenu | 17 | |
| Enter hero's abilities submenu | 3 | |
| Remove unit from queue | 2 | |
| Right click | 218 | |
| Select / deselect | 254 | |
| Use ability | 29 | |
572 total
» units
» upgrades
| Lumber Harvesting | 1 | |
| Armor | 1 | |
| Masonry | 1 | |
3 total
» buildings
| Altar of Kings | 1 | |
| Farm | 5 | |
| Barracks | 1 | |
| Scout Tower | 4 | |
| Arcane Tower | 2 | |
| Keep | 1 | |
| Lumber Mill | 1 | |
| Arcane Vault | 1 | |
| Blacksmith | 1 | |
| Gryphon Aviary | 2 | |
| Castle | 1 | |
| Guard Tower | 2 | |
22 total
» build order
01:44 Altar of Kings
01:46 Farm
01:48 Barracks
02:27 Farm
03:20 Scout Tower
03:25 Farm
03:52 Arcane Tower
04:32 Farm
05:54 Keep
05:58 Lumber Mill
06:46 Arcane Vault
07:21 Blacksmith
08:28 Gryphon Aviary
08:34 Gryphon Aviary
09:25 Castle
09:54 Farm
09:57 Scout Tower
10:05 Scout Tower
10:32 Guard Tower
10:36 Guard Tower
11:20 Scout Tower
team 2 (winner)

»
Beat.Me.Please (
blue | 35 APM | 432 actions | 12:25)
3 Death Knight
2 Death Coil
1 Unholy Aura
» actions
| Build / train | 44 | |
| Enter build submenu | 9 | |
| Enter hero's abilities submenu | 3 | |
| Remove unit from queue | 1 | |
| Right click | 224 | |
| Select / deselect | 113 | |
| Use ability | 38 | |
432 total
» units
| Acolyte | 2 | |
| Ghoul | 5 | |
| Crypt Fiend | 13 | |
20 total
» upgrades
| Creature Attack | 2 | |
| Creature Carapace | 1 | |
| Web | 1 | |
4 total
» buildings
| Crypt | 1 | |
| Ziggurat | 4 | |
| Altar of Darkness | 1 | |
| Graveyard | 1 | |
| Nerubian Tower | 1 | |
| Tomb of Relics | 1 | |
| Spirit Tower | 1 | |
| Halls of the Dead | 4 | |
| Black Citadel | 1 | |
| Sacrificial Pit | 1 | |
16 total
» build order
00:15 Crypt
00:18 Ziggurat
00:39 Altar of Darkness
00:59 Graveyard
01:13 Nerubian Tower
01:50 Ziggurat
02:17 Tomb of Relics
03:31 Ziggurat
04:13 Spirit Tower
05:16 Halls of the Dead
05:16 Halls of the Dead
05:17 Halls of the Dead
08:21 Ziggurat
10:03 Black Citadel
10:06 Sacrificial Pit
» items
| Rod of Necromancy | 1 | |
| Scroll of Regeneration | 1 | |
| Potion of Healing | 1 | |
| Potion of Mana | 1 | |
| Lesser Clarity Potion | 1 | |
| Scroll of Town Portal | 1 | |
| Sacrificial Skull | 1 | |
7 total
Wc3ler(4)ever (
red | 116 APM | 1441 actions | 12:25)
4 Mountain King
2 Storm Bolt
2 Thunder Clap
» actions
| Assign group hotkey | 18 | |
| Build / train | 56 | |
| Enter build submenu | 10 | |
| Enter hero's abilities submenu | 4 | |
| Give item / drop item | 2 | |
| Remove unit from queue | 4 | |
| Right click | 428 | |
| Select / deselect | 211 | |
| Select group hotkey | 671 | |
| Use ability | 37 | |
1441 total
» units
| Peasant | 9 | |
| Footman | 9 | |
| Priest | 7 | |
| Spell Breaker | 2 | |
| Knight | 1 | |
28 total
» upgrades
» buildings
| Altar of Kings | 1 | |
| Farm | 4 | |
| Keep | 4 | |
| Barracks | 1 | |
| Blacksmith | 1 | |
| Lumber Mill | 1 | |
| Arcane Vault | 1 | |
| Arcane Sanctum | 1 | |
| Castle | 4 | |
18 total
» build order
00:03 Altar of Kings
00:04 Farm
01:43 Keep
01:43 Keep
01:44 Keep
02:04 Barracks
02:22 Blacksmith
02:26 Lumber Mill
03:13 Farm
03:40 Arcane Vault
03:52 Farm
05:41 Arcane Sanctum
09:23 Castle
09:23 Castle
09:23 Castle
10:37 Farm
» items
| Scroll of Regeneration | 1 | |
| Potion of Healing | 1 | |
| Potion of Mana | 1 | |
| Scroll of Town Portal | 1 | |
4 total
trainingfort (
teal | 90 APM | 1118 actions | 12:26)
6 Dark Ranger
3 Black Arrow
2 Silence
1 Charm
» actions
| Assign group hotkey | 39 | |
| Basic commands | 3 | |
| Build / train | 42 | |
| Enter build submenu | 19 | |
| Enter hero's abilities submenu | 6 | |
| Give item / drop item | 2 | |
| Right click | 384 | |
| Select / deselect | 401 | |
| Select group hotkey | 186 | |
| Use ability | 36 | |
1118 total
» units
| Peasant | 13 | |
| Rifleman | 8 | |
| Forest Troll Berserker | 1 | |
22 total
» upgrades
| Gunpowder | 2 | |
| Masonry | 1 | |
| Armor | 2 | |
| Long Rifles | 1 | |
| Lumber Harvesting | 1 | |
7 total
» buildings
| Altar of Kings | 1 | |
| Farm | 9 | |
| Blacksmith | 1 | |
| Barracks | 1 | |
| Arcane Vault | 1 | |
| Lumber Mill | 1 | |
| Keep | 1 | |
| Town Hall | 1 | |
| Castle | 1 | |
17 total
» build order
00:05 Altar of Kings
00:18 Farm
01:02 Farm
01:18 Blacksmith
01:21 Barracks
02:05 Farm
02:32 Arcane Vault
02:34 Farm
04:11 Lumber Mill
04:38 Keep
05:05 Farm
07:57 Town Hall
08:04 Farm
08:04 Farm
09:08 Castle
09:48 Farm
09:49 Farm
» items
| Boots of Speed | 1 | |
| Lesser Clarity Potion | 1 | |
| Scroll of Town Portal | 1 | |
3 total
Bruder-Krone (
green | 34 APM | 428 actions | 12:25)
4 Blademaster
1 Wind Walk
2 Critical Strike
1 Mirror Image
» actions
| Build / train | 33 | |
| Enter build submenu | 13 | |
| Enter hero's abilities submenu | 4 | |
| Right click | 250 | |
| Select / deselect | 103 | |
| Use ability | 25 | |
428 total
» units
| Peon | 10 | |
| Wind Rider | 4 | |
| Troll Batrider | 2 | |
16 total
» upgrades
| Ranged Weapons | 3 | |
| Armor | 2 | |
| Envenomed Spears | 1 | |
| Liquid Fire | 1 | |
7 total
» buildings
| Altar of Storms | 1 | |
| Orc Burrow | 7 | |
| Voodoo Lounge | 2 | |
| Stronghold | 1 | |
| War Mill | 1 | |
| Fortress | 1 | |
| Beastiary | 3 | |
16 total
» build order
00:11 Altar of Storms
00:15 Orc Burrow
00:48 Voodoo Lounge
00:57 Voodoo Lounge
01:48 Orc Burrow
03:20 Stronghold
03:22 War Mill
03:58 Orc Burrow
04:51 Orc Burrow
06:11 Fortress
06:16 Beastiary
06:16 Beastiary
06:23 Beastiary
08:04 Orc Burrow
09:12 Orc Burrow
10:09 Orc Burrow
» items
| Lesser Clarity Potion | 2 | |
| Healing Salve | 1 | |
3 total
Chat log
(00:46 / Allies) trainingfort: rifles
(01:42 / Allies) Bruder-Krone: uints?
(01:55 / Allies) Wc3ler(4)ever: prist cast later knitgs
(02:02 / Allies) Bruder-Krone: k
(02:05 / Allies) Bruder-Krone: me air?
(05:53 / Allies) Bruder-Krone: teal
(06:45 / Allies) Bruder-Krone: killah
(06:58 / Allies) Bruder-Krone: counter?
(07:05 / Allies) Wc3ler(4)ever: y
(08:03 / Allies) Beat.Me.Please: b
(08:07 / Allies) Beat.Me.Please: b
(09:02 / Allies) Beat.Me.Please: bring wyvern
(09:29 / All) Akonka: gg
(09:42 / All) trainingfort: mass skelletons xD
(09:46 / Allies) Beat.Me.Please: :)
(09:55 / Allies) Bruder-Krone: :)
(10:41 / Allies) trainingfort: air tower